 Dungeon Crawl Stone Soup version 0.26.0-16-gc1dbca0489 (webtiles) character file.

Game seed: 14689263061641399546

326 Araneus the Insei (level 6, 0/47 HPs)
             Began as a Demonspawn Monk on Jan 21, 2021.
             Slain by Natasha (6 damage)
             ... on level 3 of the Dungeon.
             The game lasted 00:06:18 (4981 turns).

Araneus the Insei (Demonspawn Monk)                 Turns: 4981, Time: 00:06:19

Health: 0/47       AC:  3    Str: 14    XL:     6   Next: 24%
Magic:  0/6        EV: 13    Int: 11    God:
Gold:   196        SH:  4    Dex: 15    Spells: 5/5 levels left

rFire    . . .     SeeInvis .     - Unarmed
rCold    . . .     Faith    .   (no shield)
rNeg     . . .     Spirit   +   p - +1 robe
rPois    .         Reflect  .   (no helmet)
rElec    .         Harm     .   (no cloak)
rCorr    .         Rampage  .   (no gloves)
Will     .....                  (no boots)
Stlth    ++........             (no amulet)
HPRegen  0.15/turn              (no ring)
MPRegen  0.20/turn              (no ring)

@: slowed, very slow
A: large bone plates 1, powered by pain 1, magic shield, magic regeneration
a: no special abilities


You were on level 3 of the Dungeon.
You visited 1 branch of the dungeon, and saw 4 of its levels.

You collected 196 gold pieces.

Inventory:

Armour
 d - a +0 chain mail
 g - a +0 buckler
 p - a +1 robe (worn)
Jewellery
 e - an uncursed amulet of faith {unknown}
Wands
 m - a wand of random effects (16)
Scrolls
 a - a scroll of immolation {unknown}
 b - 4 scrolls of teleportation {unknown}
 c - 3 scrolls of identify {unknown}
 j - 2 scrolls of enchant weapon {unknown}
 k - 2 scrolls of fog {unknown}
 l - a scroll of magic mapping {unknown}
 r - a scroll of blinking {unknown}
Potions
 f - a potion of invisibility {unknown}
 h - 2 potions of lignification {unknown}
 i - a potion of mutation {unknown}
 n - a potion of degeneration {unknown}
 o - a potion of curing
 q - a potion of might {unknown}


   Skills:
 - Level 3.0 Fighting
 - Level 2.6 Dodging
 - Level 1.7 Stealth
 + Level 6.4 Unarmed Combat


You had 5 spell levels left.
You didn't know any spells.
Your spell library contained the following spells:

 Spells                   Type           Power        Failure   Level
 Magic Dart               Conj           0%           34%         1
 Blink                    Tloc           N/A          47%         2
 Call Imp                 Summ           0%           47%         2
 Slow                     Hex            0%           47%         2
 Conjure Flame            Conj/Fire      0%           71%         3
 Mephitic Cloud           Conj/Pois/Air  0%           71%         3


Dungeon Overview and Level Annotations

Branches:
Dungeon (4/15)
 Temple: D:4-7

Altars:
Gozag
Nemelex Xobeh
Sif Muna
Wu Jian

Annotations:
D:3 Natasha


Innate Abilities, Weirdness & Mutations

You are partially covered in large bone plates. (SH +4)
You sometimes gain a little power by taking damage.
When hurt, damage is shared between your health and your magic reserves.
You regenerate magic rapidly.


Message History

Natasha is almost dead.
Natasha claws you!
You closely miss Natasha.
Natasha is almost dead.
Natasha claws you but does no damage. Natasha claws you!
* * * LOW HITPOINT WARNING * * *
You barely miss Natasha.
Natasha is severely wounded.
Natasha claws you.
* * * LOW HITPOINT WARNING * * *
You barely miss Natasha.
Natasha is severely wounded.
Natasha claws you.
* * * LOW HITPOINT WARNING * * *
You closely miss Natasha.
Natasha is severely wounded.
Natasha howls an incantation.
Natasha's front paws start to glow.
Natasha claws you!
You die...

#.#.#.###.#.##.#.#######
######'#........<............
#####........#.###'#..#.#.#######
..†.'........#.##.......#.#####
.####........#.##...#####.....#
.#..'........#..'(..'.......#.###
.#.##........####...#######.#....
.#.#.........##..h..# #.#####
.#.#.........##.@...#######.#####
.#.#........>.'..................
.#.#.........##.....####.##.##...
.#.#.#.#<#'#.##...######.##.##...
.#.#.#.#.#.#.########....##.##...
.#...#...#.#..........#####.##...
.#########.#..........#####.##...
.#.........#................##...
.#.#########................#####


You could see Natasha.

Vanquished Creatures
  An ogre (D:4)
  Jessica (D:3)
  Ijyb (D:3)
  Natasha (twice) (D:3)
  8 adders
  A worm (D:2)
  2 dart slugs
  4 leopard geckos
  2 orcs (D:4)
  2 ball pythons
  A giant cockroach (D:1)
  6 goblins
  3 hobgoblins
  4 jackals
  12 kobolds
  2 quokkas
  6 bats
  7 frilled lizards
  7 rats
72 creatures vanquished.

Notes
Turn   | Place    | Note
-------+----------+-------------------------------------------
     0 | D:1      | Araneus the Demonspawn Monk began the quest for the Orb.
     0 | D:1      | Reached XP level 1. HP: 18/18 MP: 1/1
   133 | D:1      | Reached skill level 3 in Unarmed Combat
   228 | D:1      | Gained mutation: You are partially covered in large bone
                  | plates. (SH +4) [demonic ancestry]
   228 | D:1      | Reached XP level 2. HP: 20/24 MP: 2/2
  1236 | D:1      | Found a sparkling altar of Nemelex Xobeh.
  1336 | D:2      | Gained mutation: You sometimes gain a little power by
                  | taking damage. [demonic ancestry]
  1336 | D:2      | Reached XP level 3. HP: 9/29 MP: 3/3
  1608 | D:2      | Reached skill level 4 in Unarmed Combat
  2787 | D:3      | Reached XP level 4. HP: 32/35 MP: 4/4
  3041 | D:3      | Noticed Ijyb
  3065 | D:3      | Killed Ijyb
  3070 | D:3      | Reached skill level 5 in Unarmed Combat
  3287 | D:3      | Noticed Jessica
  3301 | D:3      | Killed Jessica
  3302 | D:3      | Gained mutation: When hurt, damage is shared between your
                  | health and your magic reserves. [demonic ancestry]
  3302 | D:3      | Reached XP level 5. HP: 34/41 MP: 5/5
  4019 | D:3      | Noticed Natasha
  4029 | D:3      | Killed Natasha
  4043 | D:3      | Noticed Natasha
  4056 | D:3      | Killed Natasha
  4195 | D:3      | Reached skill level 6 in Unarmed Combat
  4637 | D:3      | Found a shimmering blue altar of Sif Muna.
  4668 | D:3      | Found an opulent altar of Gozag.
  4669 | D:3      | Found an ornate altar of the Wu Jian Council.
  4725 | D:4      | Noticed an ogre
  4734 | D:4      | Killed an ogre
  4735 | D:4      | Gained mutation: You regenerate magic rapidly. [demonic
                  | ancestry]
  4735 | D:4      | Reached XP level 6. HP: 27/47 MP: 6/6
  4969 | D:3      | Noticed Natasha
  4981 | D:3      | Slain by Natasha

Illustrated notes

Levels and vault maps discovered:
D:1:      dpeg_arrival_yet_another_circle, layout_basic,
          nemelex_diamond_rough_becter
D:2:      layout_loops_corners, minmay_increasing_density
D:3:      layout_basic, minitemple, kennysheep_another_room, uniq_natasha,
          uniq_ijyb, uniq_jessica
D:4:      layout_cave_pools, uniq_blork_the_orc, uniq_grinder, uniq_sigmund

Skill      XL: |  1  2  3  4  5 |
---------------+----------------+-----
Unarmed Combat | 3 4 5 6 |  6.4
Fighting       | |  3.0
Dodging        | |  2.6
Stealth        | |  1.7

Action                   |  1- 3 |  4- 6 || total
-------------------------+-------+-------++-------
Melee: Unarmed           |   164 |   167 ||   331
       Punch             |     2 |     6 ||     8
  Use: Potion            |     2 |       ||     2
 Stab: Sleeping          |     9 |     1 ||    10
Armor: Robe              |    21 |    17 ||    38
Dodge: Dodged            |    97 |    98 ||   195
Block: Other             |    18 |    22 ||    40
